TOP OF THE 1ST |
Montgomery Biscuits batting - Pitching for West Virginia Power : RHP Manuel Montoya
|
Pitching: RHP Manuel Montoya
|
|
Batting: RHB Glen MacDonald
|
0-0: Called Strike 0-1: Called Strike 0-2: Ball 1-2: Strikes out swinging, 2-3 out at first.
|
Batting: RHB Reinaldo Amarante
|
0-0: Foul Ball, location: 2F 0-1: Swinging Strike 0-2: Strikes out swinging
|
Batting: RHB Lorenzo Tamayo
|
0-0: Hit by Pitch
|
Batting: SHB Marvin López
|
0-0: Ball 1-0: Called Strike 1-1: Foul Ball, location: 2F 1-2: Ball 2-2: Ball 3-2: Foul Ball, location: 2F 3-2: Foul Ball, location: 2F 3-2: Base on Balls Lorenzo Tamayo to second
|
Batting: SHB Joe Pierce
|
0-0: Fly out, F8 (Flyball, 8RM)
|
Top of the 1st over - 0 run(s), 0 hit(s), 0 error(s), 2 left on base; Montgomery 0 - West Virginia 0 |
BOTTOM OF THE 1ST |
West Virginia Power batting - Pitching for Montgomery Biscuits : RHP Brian Barker
|
Pitching: RHP Brian Barker
|
|
Batting: RHB Luis Quezada
|
0-0: Called Strike 0-1: Ball 1-1: Ball 2-1: Ball 3-1: Base on Balls
|
Batting: RHB Martín López
|
0-0: Ball 1-0: Ball 2-0: Foul Ball, location: 2F 2-1: Foul Ball, location: 2F 2-2: Strikes out swinging
|
Batting: RHB Mike Ingram
|
0-0: Called Strike 0-1: Foul Ball, location: 2F 0-2: Ball Passed Ball! Luis Quezada to second 1-2: Ball 2-2: Ball 3-2: Ground out 5-3 (Groundball, 5)
|
Batting: RHB Tony Parker
|
0-0: Ball 1-0: Ball 2-0: Ball 3-0: Called Strike 3-1: Base on Balls
|
Batting: RHB Kelly Graham
|
0-0: Called Strike 0-1: Ball 1-1: SINGLE (Groundball, 34D) - runner OUT being hit by batted ball.
|
Bottom of the 1st over - 0 run(s), 1 hit(s), 0 error(s), 2 left on base; Montgomery 0 - West Virginia 0 |
TOP OF THE 2ND |
Montgomery Biscuits batting - Pitching for West Virginia Power : RHP Manuel Montoya
|
Batting: SHB Wilson Bray
|
0-0: Called Strike 0-1: Called Strike 0-2: Ball 1-2: Ball 2-2: Foul Ball, location: 2F 2-2: Ball 3-2: SINGLE (Line Drive, 6MD)
|
Batting: SHB Kenneth Cruz
|
0-0: Called Strike 0-1: Ball 1-1: Ball 2-1: Swinging Strike 2-2: Foul Ball, location: 2F 2-2: Ball 3-2: SINGLE (Groundball, 34D) Wilson Bray to second Runner from 2nd tries for 3rd, OUT!
|
Batting: SHB Lawrence Farley
|
0-0: Ball 1-0: Swinging Strike 1-1: Ball 2-1: Ball 3-1: Base on Balls Kenneth Cruz to second
|
Batting: SHB Hoyt Norris
|
0-0: Ball 1-0: Called Strike 1-1: Ball 2-1: Swinging Strike 2-2: Ball 3-2: Strikes out swinging
|
Batting: RHB Glen MacDonald
|
0-0: Foul Ball, location: 2F 0-1: SINGLE (Line Drive, 56D) Kenneth Cruz to third Lawrence Farley to second Runner from 3rd tries for Home, SAFE, throw made home Lawrence Farley to third Glen MacDonald to second
|
Batting: RHB Reinaldo Amarante
|
0-0: Called Strike 0-1: Ball 1-1: Foul Ball, location: 2F 1-2: Ball 2-2: Strikes out swinging
|
Top of the 2nd over - 1 run(s), 3 hit(s), 0 error(s), 2 left on base; Montgomery 1 - West Virginia 0 |
BOTTOM OF THE 2ND |
West Virginia Power batting - Pitching for Montgomery Biscuits : RHP Brian Barker
|
Batting: LHB Wally Harris
|
0-0: Ball 1-0: Foul Ball, location: 2F 1-1: Ball 2-1: Foul Ball, location: 2F 2-2: Ball 3-2: Foul Ball, location: 2F 3-2: Foul Ball, location: 2F 3-2: Ground out 6-3 (Groundball, 6)
|
Batting: RHB Eric Knight
|
0-0: Ball 1-0: Ball 2-0: Ball 3-0: Called Strike 3-1: Base on Balls
|
Batting: LHB Burt Ward
|
0-0: Ball 1-0: Called Strike 1-1: Ball 2-1: TRIPLE (Groundball, 3L) Eric Knight scores
|
Batting: RHB Daniel Martínez
|
0-0: DOUBLE (Line Drive, 9LM) Burt Ward scores
|
Batting: RHB Luis Quezada
|
0-0: Called Strike 0-1: Ball 1-1: Fly out, F4 (Line Drive, 4)
|
Batting: RHB Martín López
|
0-0: Called Strike 0-1: Ball 1-1: Ball 2-1: Ball 3-1: Ground out 6-3 (Groundball, 6)
|
Bottom of the 2nd over - 2 run(s), 2 hit(s), 0 error(s), 1 left on base; Montgomery 1 - West Virginia 2 |
TOP OF THE 3RD |
Montgomery Biscuits batting - Pitching for West Virginia Power : RHP Manuel Montoya
|
Batting: RHB Lorenzo Tamayo
|
0-0: Ball 1-0: Called Strike 1-1: SOLO HOME RUN (Flyball, 7D), Distance : 373 ft
|
Batting: SHB Marvin López
|
0-0: Called Strike 0-1: Foul Ball, location: 2F 0-2: Ball 1-2: Ball 2-2: Foul Ball, location: 2F 2-2: Fly out, F6 (Popup, 6D)
|
Batting: SHB Joe Pierce
|
0-0: Ball 1-0: Foul Ball, location: 2F 1-1: Foul Ball, location: 2F 1-2: Strikes out swinging
|
Batting: SHB Wilson Bray
|
0-0: Swinging Strike 0-1: Swinging Strike 0-2: Ball 1-2: SINGLE (Flyball, 7S)
|
Batting: SHB Kenneth Cruz
|
0-0: Ball 1-0: Foul Ball, location: 2F 1-1: Ball 2-1: Ball 3-1: Ground out 1-3 (Groundball, P)
|
Top of the 3rd over - 1 run(s), 2 hit(s), 0 error(s), 1 left on base; Montgomery 2 - West Virginia 2 |
BOTTOM OF THE 3RD |
West Virginia Power batting - Pitching for Montgomery Biscuits : RHP Brian Barker
|
Batting: RHB Mike Ingram
|
0-0: Called Strike 0-1: Ball 1-1: Ground out 5-3 (Groundball, 56)
|
Batting: RHB Tony Parker
|
0-0: Called Strike 0-1: Ball 1-1: Foul Ball, location: 2F 1-2: Ball 2-2: Ball 3-2: Foul Ball, location: 2F 3-2: SINGLE (Line Drive, 8LS)
|
Batting: RHB Kelly Graham
|
0-0: DOUBLE (Flyball, 8LD) Tony Parker to third Runner from 3rd tries for Home, SAFE, no throw
|
Batting: LHB Wally Harris
|
0-0: Ball 1-0: Called Strike 1-1: Foul Ball, location: 2F 1-2: Ball 2-2: Strikes out swinging
|
Batting: RHB Eric Knight
|
0-0: Ball 1-0: Swinging Strike 1-1: SINGLE (Line Drive, 4MD) Kelly Graham to third Runner from 3rd tries for Home, SAFE, no throw
|
Batting: LHB Burt Ward
|
0-0: Called Strike 0-1: Ball 1-1: Ball 2-1: Swinging Strike 2-2: Foul Ball, location: 2F 2-2: Strikes out swinging
|
Bottom of the 3rd over - 2 run(s), 3 hit(s), 0 error(s), 1 left on base; Montgomery 2 - West Virginia 4 |
TOP OF THE 4TH |
Montgomery Biscuits batting - Pitching for West Virginia Power : RHP Manuel Montoya
|
Batting: SHB Lawrence Farley
|
0-0: Ball 1-0: Called Strike 1-1: Ball 2-1: Ball 3-1: Swinging Strike 3-2: Base on Balls
|
Batting: SHB Hoyt Norris
|
0-0: Foul Ball, location: 2F 0-1: Called Strike 0-2: Ball 1-2: SINGLE (Groundball, 56D) Lawrence Farley to second
|
Batting: RHB Glen MacDonald
|
0-0: Foul Ball, location: 2F 0-1: Swinging Strike 0-2: Strikes out swinging
|
Batting: RHB Reinaldo Amarante
|
0-0: Called Strike 0-1: Swinging Strike 0-2: Ball 1-2: Ball 2-2: Ball 3-2: Strikes out swinging
|
Batting: RHB Lorenzo Tamayo
|
0-0: Ball 1-0: Ball 2-0: Foul Ball, location: 2F 2-1: Foul Ball, location: 2F 2-2: Foul Ball, location: 2F 2-2: Ball 3-2: Foul Ball, location: 2F 3-2: Strikes out looking
|
Top of the 4th over - 0 run(s), 1 hit(s), 0 error(s), 2 left on base; Montgomery 2 - West Virginia 4 |
BOTTOM OF THE 4TH |
West Virginia Power batting - Pitching for Montgomery Biscuits : RHP Brian Barker
|
Batting: RHB Daniel Martínez
|
0-0: Called Strike 0-1: Foul Ball, location: 2F 0-2: Ball 1-2: Foul Ball, location: 2F 1-2: Ball 2-2: Fly out, F8 (Flyball, 8LM)
|
Batting: RHB Luis Quezada
|
0-0: Ball 1-0: Ball 2-0: Ground out 5-3 (Groundball, 56S)
|
Batting: RHB Martín López
|
0-0: Called Strike 0-1: Ball 1-1: Called Strike 1-2: Ball 2-2: Ball 3-2: Foul Ball, location: 2F 3-2: Foul Ball, location: 2F 3-2: Base on Balls
|
Batting: RHB Mike Ingram
|
0-0: Ball 1-0: Ball 2-0: Called Strike 2-1: Ball 3-1: Foul Ball, location: 2F 3-2: Strikes out swinging
|
Bottom of the 4th over - 0 run(s), 0 hit(s), 0 error(s), 1 left on base; Montgomery 2 - West Virginia 4 |
TOP OF THE 5TH |
Montgomery Biscuits batting - Pitching for West Virginia Power : RHP Manuel Montoya
|
Pitching: RHP Mark Osborne
|
|
Batting: SHB Marvin López
|
0-0: Called Strike 0-1: Called Strike 0-2: SINGLE (Line Drive, 8LS)
|
Batting: SHB Joe Pierce
|
0-0: Grounds into double play, 4-6-3 (Groundball, 4)
|
Batting: SHB Wilson Bray
|
0-0: Ball 1-0: Called Strike 1-1: Ball 2-1: Called Strike 2-2: Foul Ball, location: 2F 2-2: Fly out, F3 (Popup, 3S)
|
Top of the 5th over - 0 run(s), 1 hit(s), 0 error(s), 0 left on base; Montgomery 2 - West Virginia 4 |
BOTTOM OF THE 5TH |
West Virginia Power batting - Pitching for Montgomery Biscuits : RHP Brian Barker
|
Batting: RHB Tony Parker
|
0-0: Ball 1-0: Ball 2-0: SOLO HOME RUN (Flyball, 78XD), Distance : 424 ft
|
Pitching: RHP Raúl Martínez
|
|
Batting: RHB Kelly Graham
|
0-0: Called Strike 0-1: Called Strike 0-2: Ball 1-2: Foul Ball, location: 2F 1-2: Fly out, F8 (Flyball, 78M)
|
Batting: LHB Wally Harris
|
0-0: Foul Ball, location: 2F 0-1: Swinging Strike 0-2: Ball 1-2: Ball 2-2: Foul Ball, location: 2F 2-2: Ground out 3-1 (Groundball, 34S)
|
Batting: RHB Eric Knight
|
0-0: Ball 1-0: Called Strike 1-1: Ball 2-1: Fly out, F2 (Popup, 3S)
|
Bottom of the 5th over - 1 run(s), 1 hit(s), 0 error(s), 0 left on base; Montgomery 2 - West Virginia 5 |
TOP OF THE 6TH |
Montgomery Biscuits batting - Pitching for West Virginia Power : RHP Mark Osborne
|
Batting: SHB Kenneth Cruz
|
0-0: Swinging Strike 0-1: Foul Ball, location: 2F 0-2: Strikes out looking
|
Batting: SHB Lawrence Farley
|
0-0: Called Strike 0-1: Ball 1-1: Ball 2-1: Foul Ball, location: 2F 2-2: Ground out 6-3 (Groundball, 6)
|
Batting: SHB Hoyt Norris
|
0-0: Foul Ball, location: 2F 0-1: SOLO HOME RUN (Flyball, 9LD), Distance : 329 ft
|
Batting: RHB Glen MacDonald
|
0-0: Ball 1-0: Ball 2-0: Ball 3-0: Called Strike 3-1: Ground out 1-3 (Groundball, 13S)
|
Top of the 6th over - 1 run(s), 1 hit(s), 0 error(s), 0 left on base; Montgomery 3 - West Virginia 5 |
BOTTOM OF THE 6TH |
West Virginia Power batting - Pitching for Montgomery Biscuits : RHP Raúl Martínez
|
Batting: LHB Burt Ward
|
0-0: Ball 1-0: Foul Ball, location: 2F 1-1: Fly out, F7 (Flyball, 7D)
|
Pitching: RHP Enrique Boyd
|
|
Batting: RHB Daniel Martínez
|
0-0: DOUBLE (Line Drive, 7D)
|
Batting: RHB Luis Quezada
|
0-0: SINGLE (Line Drive, 89S) Daniel Martínez to third Runner from 3rd tries for Home, SAFE, throw made home Luis Quezada to second
|
Batting: RHB Martín López
|
0-0: Swinging Strike 0-1: Swinging Strike 0-2: Ball 1-2: Strikes out swinging
|
Batting: RHB Mike Ingram
|
0-0: Fly out, F7 (Flyball, 7)
|
Bottom of the 6th over - 1 run(s), 2 hit(s), 0 error(s), 1 left on base; Montgomery 3 - West Virginia 6 |
TOP OF THE 7TH |
Montgomery Biscuits batting - Pitching for West Virginia Power : RHP Mark Osborne
|
Batting: RHB Reinaldo Amarante
|
0-0: Foul Ball, location: 2F 0-1: Called Strike 0-2: Foul Ball, location: 2F 0-2: Ball 1-2: Foul Ball, location: 2F 1-2: SOLO HOME RUN (Flyball, 89XD), Distance : 422 ft
|
Pitching: RHP Eric Murphy
|
|
Batting: RHB Lorenzo Tamayo
|
0-0: Ball 1-0: Called Strike 1-1: Called Strike 1-2: Foul Ball, location: 2F 1-2: Foul Ball, location: 2F 1-2: Strikes out swinging
|
Batting: SHB Marvin López
|
0-0: Ground out U3 (Groundball, 3)
|
Batting: SHB Joe Pierce
|
0-0: Ball 1-0: Called Strike 1-1: Foul Ball, location: 2F 1-2: Ball 2-2: Foul Ball, location: 2F 2-2: Strikes out swinging
|
Top of the 7th over - 1 run(s), 1 hit(s), 0 error(s), 0 left on base; Montgomery 4 - West Virginia 6 |
BOTTOM OF THE 7TH |
West Virginia Power batting - Pitching for Montgomery Biscuits : RHP Enrique Boyd
|
Batting: RHB Tony Parker
|
0-0: Foul Ball, location: 2F 0-1: Ball 1-1: Foul Ball, location: 2F 1-2: Strikes out swinging
|
Batting: RHB Kelly Graham
|
0-0: Foul Ball, location: 2F 0-1: DOUBLE (Flyball, 89XD)
|
Batting: LHB Wally Harris
|
0-0: Swinging Strike 0-1: Swinging Strike 0-2: Ball 1-2: Ball 2-2: Strikes out swinging
|
Batting: RHB Eric Knight
|
0-0: Ball 1-0: Called Strike 1-1: Ball 2-1: Swinging Strike 2-2: Ball 3-2: 2-RUN HOME RUN (Flyball, 89XD), Distance : 414 ft
|
Batting: LHB Burt Ward
|
0-0: Foul Ball, location: 2F 0-1: Ball 1-1: Ball 2-1: Ball 3-1: Swinging Strike 3-2: Base on Balls
|
Batting: RHB Daniel Martínez
|
0-0: Ball 1-0: SINGLE (Flyball, 9LS) Burt Ward to second Runner from 2nd tries for 3rd, SAFE, throw made to third
|
Batting: RHB Luis Quezada
|
0-0: Ball 1-0: Fielders Choice at 2nd, 5-4 (Groundball, 5)
|
Bottom of the 7th over - 2 run(s), 3 hit(s), 0 error(s), 1 left on base; Montgomery 4 - West Virginia 8 |
TOP OF THE 8TH |
Montgomery Biscuits batting - Pitching for West Virginia Power : RHP Eric Murphy
|
Batting: SHB Wilson Bray
|
0-0: Ball 1-0: Swinging Strike 1-1: Swinging Strike 1-2: Ball 2-2: Ball 3-2: Ground out 3-1 (Groundball, 34)
|
Batting: SHB Kenneth Cruz
|
0-0: SINGLE (Line Drive, 7LS)
|
Batting: SHB Lawrence Farley
|
0-0: Ball 1-0: Ball 2-0: Called Strike 2-1: SINGLE (Groundball, 4S) (infield hit) Kenneth Cruz to second
|
Pitching: RHP António Zapata
|
|
Batting: SHB Hoyt Norris
|
0-0: Ball 1-0: Grounds into double play, 6-4-3 (Groundball, 6)
|
Top of the 8th over - 0 run(s), 2 hit(s), 0 error(s), 1 left on base; Montgomery 4 - West Virginia 8 |
BOTTOM OF THE 8TH |
West Virginia Power batting - Pitching for Montgomery Biscuits : RHP Enrique Boyd
|
Pitching: RHP Clancy Steele
|
|
Batting: RHB Martín López
|
0-0: Ball 1-0: Ball 2-0: Ball 3-0: Called Strike 3-1: Called Strike 3-2: Fly out, F9 (Flyball, 89M)
|
Batting: RHB Mike Ingram
|
0-0: Ball 1-0: Foul Ball, location: 2F 1-1: Ball 2-1: Called Strike 2-2: Ball 3-2: Base on Balls
|
Batting: RHB Tony Parker
|
0-0: Called Strike 0-1: Foul Ball, location: 2F 0-2: Ball 1-2: Ball 2-2: Ground out 6-3 (Groundball, 6S) Mike Ingram to second
|
Batting: RHB Kelly Graham
|
0-0: Intentional Walk
|
Batting: LHB Wally Harris
|
0-0: Ball 1-0: Called Strike 1-1: Swinging Strike 1-2: Strikes out swinging
|
Bottom of the 8th over - 0 run(s), 0 hit(s), 0 error(s), 2 left on base; Montgomery 4 - West Virginia 8 |
TOP OF THE 9TH |
Montgomery Biscuits batting - Pitching for West Virginia Power : RHP António Zapata
|
Batting: RHB Glen MacDonald
|
0-0: Ball 1-0: Ball 2-0: Called Strike 2-1: Foul Ball, location: 2F 2-2: Strikes out looking
|
Batting: RHB Reinaldo Amarante
|
0-0: Ball 1-0: Foul Ball, location: 2F 1-1: Ball 2-1: Swinging Strike 2-2: Strikes out looking
|
Batting: RHB Lorenzo Tamayo
|
0-0: Called Strike 0-1: Foul Ball, location: 2F 0-2: Ball 1-2: Foul Ball, location: 2F 1-2: Fly out, F8 (Flyball, 8LM)
|
Top of the 9th over - 0 run(s), 0 hit(s), 0 error(s), 0 left on base; Montgomery 4 - West Virginia 8 |
|